 Dungeon Crawl Stone Soup version 0.21-a0-193-g085b6a0 (webtiles) character file.

954 seren the Slasher (level 7, -2/52 HPs)
             Began as a Demonspawn Abyssal Knight on Aug 14, 2017.
             Was a Believer of Lugonu.
             Slain by a gnoll sergeant
             ... wielding a +0 spear
              (10 damage)
             ... on level 5 of the Dungeon.
             The game lasted 00:19:49 (8983 turns).

seren the Slasher (Demonspawn Abyssal Knight)       Turns: 8983, Time: 00:19:50

Health: -2/52      AC:  6    Str: 14    XL:     7   Next: 91%
Magic:  18/18      EV: 11    Int: 13    God:    Lugonu [**....]
Gold:   265        SH:  0    Dex: 13    Spells: 6/6 levels left

rFire    . . .     SeeInvis .   a - +1 falchion
rCold    . . .     Gourm    .   (no shield)
rNeg     . . .     Faith    .   l - +0 ring mail
rPois    .         Spirit   .   (helmet restricted)
rElec    .         Reflect  .   (no cloak)
rCorr    .         Harm     .   n - +0 pair of gloves
MR       .....                  (no boots)
Stlth    +++.......             (no amulet)
HPRegen  0.17/turn              k - ring of magical power
MPRegen  0.16/turn              (no ring)

@: hasted, very quick
A: horns 1, nightstalker 2, rot immunity
a: Depart the Abyss, Bend Space, Renounce Religion


You were on level 5 of the Dungeon.
You worshipped Lugonu.
Lugonu was pleased with you.
You were hungry.

You visited 1 branch of the dungeon, and saw 6 of its levels.
You visited the Abyss 1 time.

You collected 265 gold pieces.

Inventory:

Hand Weapons
 a - a +1 falchion (weapon)
Missiles
 i - 36 sling bullets
Armour
 l - a +0 ring mail (worn)
 n - a +0 pair of gloves (worn)
Jewellery
 k - a ring of magical power (left hand)
Wands
 b - a wand of confusion (13/48)
 g - a wand of clouds (1/9)
 s - a wand of confusion (22/48)
 A - a wand of flame (16/48)
Scrolls
 m - a scroll of teleportation {unknown}
 r - 3 scrolls of remove curse
 u - a scroll of noise {unknown}
 w - a scroll of blinking {unknown}
 x - a scroll of fear {unknown}
 y - a scroll of fog {unknown}
 z - a scroll of identify
 B - a scroll of amnesia {unknown}
Potions
 e - a potion of might
 h - 2 potions of ambrosia
 o - a potion of haste
 p - a potion of degeneration {unknown}
 q - a potion of magic {unknown}
 t - 3 potions of curing {unknown}
 v - a potion of cancellation {unknown}
Comestibles
 c - 5 bread rations
 d - 3 fruits
 f - 5 royal jellies
 j - 4 meat rations
 C - 4 chunks of flesh


   Skills:
 + Level 3.6 Fighting
 + Level 6.3 Long Blades
 + Level 2.5 Armour
 + Level 2.3 Dodging
 + Level 3.9 Invocations
 + Level 3.7 Evocations


You had 6 spell levels left.
You didn't know any spells.

Dungeon Overview and Level Annotations

Branches:
Dungeon (6/15)
 Temple: D:4-7

Altars:
Kikubaaqudgha
Qazlal
Ru
Trog
Uskayaw

Annotations:
D:4 exclusion: downstairs
D:5 exclusion: ogre


Innate Abilities, Weirdness & Mutations

You have a pair of small horns on your head.
You are significantly more attuned to the shadows.
You are immune to rotting.


Message History

The gnoll sergeant is severely wounded.
You hit the gnoll sergeant.
The gnoll sergeant is severely wounded.
The gnoll sergeant completely misses you.
You barely miss the gnoll sergeant.
The gnoll sergeant is severely wounded.
The gnoll sergeant hits you with a spear.
* * * LOW HITPOINT WARNING * * *
You hit the gnoll sergeant but do no damage.
You headbutt the gnoll sergeant, but do no damage.
The gnoll sergeant is severely wounded.
You hit the gnoll sergeant but do no damage.
The gnoll sergeant is severely wounded.
The gnoll sergeant hits you with a spear!
* * * LOW HITPOINT WARNING * * *
You hit the gnoll sergeant.
Your headbutt misses the gnoll sergeant.
The gnoll sergeant is almost dead.
The gnoll sergeant hits you with a spear!
You die...

...#####.#.##.##......#
....## ####
#.#.##)##......# #...##
#.#.##).(....### #...#
#.#.########)# #.>.#
#######.#.....# #)#
#..# #.......#####.#
#.# #...
##.###########.# #.#
##..
....#..........####.###
#..
.#..#.######...g@....<#
##. [#..#.#
#...).....## #. <#..#.#
#.........# ... #.
#####.. #.........# ...
#. ...##..
####.........# .... ##
##.##O..#............#
....#### #.#
#......####### ....'.##
#.# #......# #.#. #.#
#......# #.#<


You could see a gnoll sergeant.

Vanquished Creatures
  A phantom (D:5)
  A centaur (D:5)
  A howler monkey (D:5)
  A crimson imp (D:5)
  2 hounds (D:5)
  2 orc priests
  3 bullfrog skeletons (D:5)
  Natasha (thrice) (D:4)
  2 orc wizards (D:4)
  2 worker ants (D:4)
  A hound skeleton (D:4)
  16 gnolls
  4 adders
  A shadow imp (D:5)
  An ooze (D:2)
  3 worms
  2 dart slugs (D:2)
  4 leopard geckos
  7 orcs
  2 ball pythons
  6 giant cockroaches
  6 goblins
  4 hobgoblins
  14 jackals (D:5)
  4 quokkas
  5 bats (D:1)
  6 frilled lizards
  A jackal skeleton (D:3)
  5 kobolds
  A quokka skeleton (D:5)
  16 rats
127 creatures vanquished.

Vanquished Creatures (others)
  A wizard (D:4)
  A crimson imp (D:4)
2 creatures vanquished.

Grand Total: 129 creatures vanquished

Notes
Turn   | Place    | Note
-------+----------+-------------------------------------------
     0 | Abyss:1  | seren the Demonspawn Abyssal Knight began the quest for the Orb.
     0 | Abyss:1  | Reached XP level 1. HP: 18/18 MP: 2/2
    27 | Abyss:1  | Found a corrupted altar of Lugonu.
    51 | Abyss:1  | Found a corrupted altar of Lugonu.
    61 | Abyss:1  | Noticed a hell knight
    62 | Abyss:1  | Noticed a necromancer
    62 | Abyss:1  | Noticed a hell knight
    63 | D:1      | Escaped the Abyss
   157 | D:1      | Reached skill level 2 in Long Blades
   525 | D:1      | Gained mutation: You are immune to rotting. [demonic ancestry]
   525 | D:1      | Reached XP level 2. HP: 23/24 MP: 3/3
   528 | D:1      | Reached * piety under Lugonu
  1069 | D:1      | Reached skill level 3 in Long Blades
  1166 | D:1      | Reached XP level 3. HP: 27/29 MP: 4/4
  1613 | D:2      | Found a sacrificial altar of Ru.
  2179 | D:2      | Found an ancient bone altar of Kikubaaqudgha.
  2206 | D:2      | Reached XP level 4. HP: 27/35 MP: 5/5
  2391 | D:2      | Reached skill level 4 in Long Blades
  3135 | D:4      | Noticed Natasha
  3599 | D:5      | Entered Level 5 of the Dungeon
  3660 | D:4      | Found a stormy altar of Qazlal.
  3814 | D:4      | Reached skill level 5 in Long Blades
  3814 | D:4      | Gained mutation: You are slightly more attuned to the shadows. [demonic ancestry]
  3814 | D:4      | Reached XP level 5. HP: 23/41 MP: 6/6
  3990 | D:4      | Found a bloodstained altar of Trog.
  3992 | D:4      | Noticed a wizard
  3997 | D:4      | Killed a wizard
  4051 | D:4      | HP: 1/41 [orc priest (5)]
  4860 | D:4      | Reached skill level 1 in Evocations
  5040 | D:4      | Killed Natasha
  5040 | D:4      | Gained mutation: You are significantly more attuned to the shadows. [demonic ancestry]
  5040 | D:4      | Reached XP level 6. HP: 19/47 MP: 7/7
  6011 | D:5      | Noticed a hand axe
  6012 | D:5      | Noticed a hand axe
  6015 | D:5      | Found a hide-covered altar of Uskayaw.
  6496 | D:5      | Reached skill level 6 in Long Blades
  6508 | D:5      | Reached skill level 1 in Dodging
  6594 | D:5      | Noticed an ice beast
  6601 | D:4      | Noticed Natasha
  6610 | D:4      | Killed Natasha
  6637 | D:4      | Noticed Natasha
  6654 | D:4      | Killed Natasha
  6654 | D:4      | Gained mutation: You have a pair of small horns on your head. [demonic ancestry]
  6654 | D:4      | Reached XP level 7. HP: 35/52 MP: 9/9
  7848 | D:5      | Reached ** piety under Lugonu
  8983 | D:5      | Slain by a gnoll sergeant

Vault maps used:
D:1:      dpeg_arrival_ratfight, columned_hall_lemuel, minmay_small_reverse_x
D:2:      lemuel_round_altar, old_standard_altar
D:3:      hangedman_decor_points
D:4:      nicolae_qazlal_eye_of_the_storm, serial_co_window_serial,
          co_window_paths_a, co_window_paths_b, co_window_paths_a,
          co_window_corner_a, co_window_paths_a, co_window_2corner,
          co_window_broadway_b, co_window_corner_ca, co_window_paths_d,
          co_window_4corner_b, glass_columns_b, glass_columns_a,
          glass_columns_b, first_bread, trog_wizard, uniq_natasha
D:5:      lemuel_castle_with_subvaults, dancing_weapons_uskayaw
D:6:      kennysheep_six_static_rooms, temple_statues

Skill      XL: |  1  2  3  4  5  6  7 |
---------------+----------------------+-----
Long Blades    | 2 3 5 6 |  6.3
Evocations     | 1 2 3 |  3.7
Dodging        | 1 2 |  2.3
Armour         | 2 |  2.5
Invocations    | 3 |  3.9
Fighting       | |  3.6

Action                   |  1- 3 |  4- 6 |  7- 9 || total
-------------------------+-------+-------+-------++-------
Melee: Falchion          |   135 |   244 |   162 ||   541
       Headbutt          |       |       |    35 ||    35
Invok: Depart the Abyss  |     1 |       |       ||     1
Evoke: Wand              |       |     1 |       ||     1
  Use: Scroll            |       |     5 |       ||     5
       Potion            |       |     4 |     1 ||     5
 Stab: Sleeping          |       |     2 |     1 ||     3
  Eat: Chunk             |     4 |    13 |     5 ||    22
       Fruit             |       |     2 |     2 ||     4
Armor: Leather armour    |    33 |       |       ||    33
       Ring mail         |    20 |    78 |    49 ||   147
       Skin              |       |     4 |       ||     4
Dodge: Dodged            |    74 |   101 |    93 ||   268
       Rpst.: Falchion   |    21 |    40 |    32 ||    93
